 Dungeon Crawl Stone Soup version 0.30-a0-779-g7971cf19c3 (webtiles) character file.

Game seed: 8356435753288738918

234538 BubbleThief the Lord of Darkness (level 18, -9/161 HPs)
             Began as a Demonspawn Necromancer on Feb 16, 2023.
             Was the Champion of Kikubaaqudgha.
             Shot with an arrow by a centaur warrior (23 damage)
             ... on level 1 of the Vaults on Feb 17, 2023.
             The game lasted 01:36:51 (30307 turns).

BubbleThief the Lord of Darkness (DsNe)            Turns: 30307, Time: 01:36:52

Health: -9/161     AC: 13    Str: 10    XL:     18   Next: 88%
Magic:  27/31      EV: 30    Int: 23    God:    Kikubaaqudgha [******]
Gold:   3021       SH:  0    Dex: 26    Spells: 16/35 levels left

rFire   + + .      SeeInvis .    T - +9 rapier (elec)
rCold   + + .      Faith    .    (no shield)
rNeg    + . .      Spirit   .    C - +2 leather armour of Hopscotch {rC++}
rPois   .          Reflect  .    Y - +2 hat of Ockoy {Regen+ Int+3 Dex+4}
rElec   .          Harm     .    t - +2 cloak
rCorr   +          Rampage  .    (gloves unavailable)
Will    +....                    O - +0 pair of boots of Tenacity {rN+}
Stlth   ++++                     H - amulet of magic regeneration
HPRegen 1.26/turn                h - ring of Famebous {*Slow rF+ rCorr EV+5 Dex+3}
MPRegen 0.84/turn                X - ring of Jyuss {rF+ Int+2 Slay+4}

@: about to teleport, studying Axes
A: rugged brown scales 2, magic regeneration, demonic magic 3, demonic touch 3
}: 1/15 runes: gossamer
a: Renounce Religion, Unearth Wretches, Torment


You were on level 1 of the Vaults.
You worshipped Kikubaaqudgha.
Kikubaaqudgha was exalted by your worship.
You visited 7 branches of the dungeon, and saw 31 of its levels.
You also visited: Ossuary, Bailey and Gauntlet.

You collected 3900 gold pieces.
You spent 879 gold pieces at shops.

Inventory:

Hand Weapons
 T - a +9 rapier of electrocution (weapon)
Missiles
 p - 3 throwing nets
Armour
 t - a +2 cloak (worn)
 C - the +2 leather armour of Hopscotch (worn) {rC++}
   (You found it on level 9 of the Dungeon)

   rC:        It greatly protects you from cold.
 O - the +0 pair of boots of Tenacity (worn) {rN+}
   (You acquired it on level 3 of the Lair of Beasts)

   rN:        It protects you from negative energy.
 Y - the +2 hat of Ockoy (worn) {Regen+ Int+3 Dex+4}
   (You found it in a Gauntlet)

   Int:       It affects your intelligence (+3).
   Dex:       It affects your dexterity (+4).
   Regen:     It increases your rate of health regeneration.
Jewellery
 d - a ring of protection from cold
 h - the ring of Famebous (left hand) {*Slow rF+ rCorr EV+5 Dex+3}
   (You found it on level 1 of the Spider Nest)

   [ring of evasion]

   EV:        It affects your evasion (+5).
   Dex:       It affects your dexterity (+3).
   rF:        It protects you from fire.
   rCorr:     It protects you from acid and corrosion.
   *Slow:     It may slow you when you take damage.
 m - a ring of resist corrosion
 q - a ring of willpower
 y - a ring of poison resistance
 z - a +6 ring of intelligence
 H - an amulet of magic regeneration (around neck)
 P - a ring of positive energy
 W - a ring of see invisible
 X - the ring of Jyuss (right hand) {rF+ Int+2 Slay+4}
   (You found it in a Gauntlet)

   [ring of slaying]

   Int:       It affects your intelligence (+2).
   Slay:      It affects your accuracy & damage with ranged weapons and melee
   (+4).
   rF:        It protects you from fire.
Wands
 v - a wand of digging (19)
 F - a wand of paralysis (8)
 J - a wand of acid (13)
 M - a wand of flame (46)
 Q - a wand of iceblast (22)
 R - a wand of polymorph (5)
Scrolls
 c - 4 scrolls of vulnerability
 e - 4 scrolls of poison
 f - 2 scrolls of enchant armour
 i - 4 scrolls of blinking
 n - 5 scrolls of amnesia
 o - 12 scrolls of teleportation
 s - 9 scrolls of fog
 u - 17 scrolls of identify
 w - 2 scrolls of magic mapping
 x - 6 scrolls of fear
 E - a scroll of enchant weapon
 K - 3 scrolls of silence
 Z - 3 scrolls of brand weapon
Potions
 a - 2 potions of berserk rage
 b - 2 potions of magic
 g - 2 potions of might
 j - 7 potions of attraction
 k - 11 potions of ambrosia
 l - 7 potions of heal wounds
 r - 11 potions of curing
 A - 8 potions of mutation
 B - 5 potions of flight
 D - 10 potions of haste
 G - 4 potions of invisibility
 I - 9 potions of brilliance
 L - 3 potions of cancellation
 S - 6 potions of resistance
 V - 2 potions of lignification
Miscellaneous
 N - a phantom mirror


   Skills:
 + Level 17.1 Fighting
 - Level 15.1 Short Blades
 - Level 15.0 Dodging
 + Level 6.7 Stealth
 - Level 9.0 Spellcasting
 + Level 17.5 Necromancy


You had 16 spell levels left.
You knew the following spells:

 Your Spells              Type           Power      Damage    Failure   Level
a - Necrotise             Necr           100%       1d9       0%          1
b - Vampiric Draining     Necr           74%        2d11      1%          3
c - Animate Dead          Necr           74%        N/A       1%          4
d - Borgnjor's Vile Clut  Necr/Erth      25%        N/A       6%          5
e - Death Channel         Necr           37%        N/A       1%          6

Your spell library contained the following spells:

 Spells                   Type           Power      Damage    Failure   Level
 Cigotuvi's Dreadful Rot  Necr/Pois/Air  74%        N/A       1%          2
 Agony                    Necr           74%        N/A       1%          5
 Anguish                  Hex/Necr       25%        N/A       2%          4
 Apportation              Tloc           20%        N/A       9%          1
 Foxfire                  Conj/Fire      40%        2x1d6     9%          1
 Magic Dart               Conj           40%        1d5       9%          1
 Summon Small Mammal      Summ           40%        N/A       9%          1
 Blink                    Tloc           20%        N/A       13%         2
 Ensorcelled Hibernation  Hex/Ice        20%        N/A       13%         2
 Lesser Beckoning         Tloc           20%        N/A       13%         2
 Momentum Strike          Conj/Tloc      20%        3d8       13%         2
 Passwall                 Tmut/Erth      8%         N/A       13%         2
 Searing Ray              Conj           20%        2d5       13%         2
 Gell's Gravitas          Tloc           10%        N/A       26%         3
 Hailstorm                Conj/Ice       10%        3d5       26%         3
 Ozocubu's Armour         Ice            10%        N/A       26%         3
 Spider Form              Tmut/Pois      10%        N/A       26%         3
 Swiftness                Air            10%        N/A       26%         3
 Teleport Other           Tloc           10%        N/A       26%         3
 Simulacrum               Ice/Necr       25%        N/A       34%         6
 Borgnjor's Revivificati  Necr           37%        N/A       38%         8
 Infestation              Necr           37%        N/A       38%         8
 Animate Armour           Summ/Erth      20%        N/A       63%         4
 Cause Fear               Hex            5%         N/A       63%         4
 Fulminant Prism          Conj/Hex       5%         3d7       63%         4
 Ice Form                 Ice/Tmut       10%        N/A       63%         4
 Leda's Liquefaction      Hex/Erth       5%         N/A       63%         4
 Haunt                    Necr/Summ      25%        N/A       89%         7
 Blade Hands              Tmut           5%         N/A       93%         5
 Fireball                 Conj/Fire      5%         3d5       93%         5
 Lee's Rapid Deconstruct  Erth           5%         3d6*      93%         5
 Metabolic Englaciation   Hex/Ice        5%         N/A       93%         5
 Dispersal                Tloc           5%         N/A       100%        6
 Iron Shot                Conj/Erth      5%         9d2       100%        6
 Starburst                Conj/Fire      5%         6d4       100%        6
 Statue Form              Tmut/Erth      6%         N/A       100%        6
 Dragon Form              Tmut           5%         N/A       100%        7
 Malign Gateway           Summ/Tloc      5%         N/A       100%        7
 Necromutation            Tmut/Necr      25%        N/A       100%        8
 Summon Horrible Things   Summ           5%         N/A       100%        8
 Death's Door             Necr           37%        N/A       100%        9
 Dragon's Call            Summ           5%         N/A       100%        9


Dungeon Overview and Level Annotations

Branches:
Dungeon (15/15)            Temple (1/1) D:5            Lair (5/5) D:10
 Shoals (3/4) Lair:3       Spider (4/4) Lair:2        Slime (0/5) Lair:5
    Orc (2/2) D:10            Elf (0/3) Orc:2        Vaults (1/5) D:14
 Depths (0/4) D:15        Ossuary (visited)          Bailey (visited)
Gauntlet (visited)

Altars:
Ashenzari
Cheibriados
Dithmenos
Fedhas
Gozag
Kikubaaqudgha
Nemelex Xobeh
Okawaru
Ru
Uskayaw
Vehumet
Xom

Shops:
D:6 ?   Orc:1 [[(   Orc:2 :(*((   Shoals:3 [   Vaults:1 (


Innate Abilities, Weirdness & Mutations

You are mostly covered in rugged brown scales. (AC +2, +5% HP)
You regenerate magic rapidly.
Spells you cast and wands you use may paralyse nearby enemies.
Your touch may irresistibly damage your foes and sap their willpower.


Message History

Your dire elephant zombie tramples the ironbound convoker!!
The ironbound convoker stumbles backwards!
The ironbound convoker dies!
Kikubaaqudgha accepts your kill.
Your dire elephant zombie tramples the sphinx!!
The sphinx holds its ground!
Your dire elephant zombie trunk-slaps the sphinx.
The deep troll completely misses you. The deep troll misses you. x2
You puncture the deep troll!
Lightning courses through the deep troll!
You touch the deep troll!
You sap its willpower!
The deep troll is severely wounded.
The centaur warrior shoots an arrow.
The arrow hits your ironbound convoker zombie!!
The yaktaur shoots a bolt.
The bolt hits your vault sentinel zombie!!
The sphinx hits you.
* * * LOW HITPOINT WARNING * * *
The sphinx hits you.
* * * LOW HITPOINT WARNING * * *
The sphinx completely misses you.
You hit the deep troll but do no damage.
Your touch misses the deep troll.
The deep troll is severely wounded.
The centaur warrior shoots an arrow.
The arrow hits your ironbound convoker zombie!!
Your ironbound convoker zombie is destroyed!
Your dire elephant zombie tramples the sphinx!!
The sphinx holds its ground!
Your dire elephant zombie trunk-slaps the sphinx.
The deep troll completely misses you. The deep troll claws you!
* * * LOW HITPOINT WARNING * * *
The deep troll completely misses you.
You impale the deep troll!!
You kill the deep troll!
Kikubaaqudgha accepts your kill.
The centaur warrior wields a +0 shortbow.
The centaur warrior shoots an arrow.
The arrow hits you!!
You die...
Kikubaaqudgha rasps: "You have failed me!
Welcome... death!"

#..#.≈≈≈..+
#..#~≈~≈≈.#
#..)..∩≈≈.#
#...~~~≈≈.#
#....≈≈≈..#
#..#......# #
#.c#......# .
###c#p)########....
#...)uZ@...[.....#
#...#.HZ.........#
###.#.cZ..)......#
# #............#
#........c...#
#.........c..#
#..###'####..'.
#..# ... ..#. #..
..


You could see a cyan very ugly thing, a sphinx (strong, distracted, ally
target), 2 centaur warriors, a vault sentinel, 3 yaktaurs, 2 friendly dire
elephant zombies and a friendly vault sentinel zombie.

Vanquished Creatures
  Nikola (Spider:4)
  Asterion (Spider:3)
  Frances (D:13)
  Kirke (Shoals:2)
  2 emperor scorpions
  2 orc warlords
  An ironbound preserver (Vaults:1)
  5 broodmothers (Spider:4)
  An ironbound thunderhulk (Vaults:1)
  5 dire elephants (Vaults:1)
  A spark wasp (Spider:4)
  A minotaur (Gauntlet)
  2 merfolk javelineers
  Josephine (D:14)
  4 merfolk impalers
  A fire dragon (D:15)
  2 spectral krakens (Shoals:1)
  5 entropy weavers
  2 yaktaur captains (Vaults:1)
  Erolcha (D:13)
  3 vault guards (D:14)
  4 ogre magi
  3 hydras
  A merfolk aquamancer (Shoals:3)
  A rakshasa (D:12)
  A centaur warrior (D:14)
  An ice dragon (D:15)
  An ironbound frostheart (Vaults:1)
  A ghost crab (Shoals:1)
  2 merfolk avatars
  4 boulder beetles
  A radroach (Spider:1)
  A catoblepas (D:15)
  A jorogumo (Spider:4)
  Erica (D:8)
  16 two-headed ogres
  2 death knights
  2 satyrs
  A tengu warrior (D:15)
  A hell hog (Gauntlet)
  Sonja (Lair:3)
  3 skeletal warriors (D:14)
  A fire crab (Gauntlet)
  A sun moth (Spider:4)
  6 pharaoh ants
  A sea snake (shapeshifter) (Vaults:1)
  9 orb spiders
  5 skysharks
  2 glowing orange brains (Gauntlet)
  2 sea snakes (Shoals:3)
  6 deep trolls
  4 steelbarb worms
  3 deep elf pyromancers (D:12)
  3 wizards (Vaults:1)
  3 ironbound convokers (Vaults:1)
  5 lindwurms
  An orc sorcerer (Orc:2)
  2 orc knights
  6 harpies (Shoals:3)
  2 oklob plants
  11 ugly things
  14 wolf spiders
  10 fauns
  12 manticores
  Maurice (D:8)
  2 moths of wrath
  9 cyclopes
  15 elephants
  A merfolk siren (Shoals:1)
  A water nymph (Shoals:2)
  A black mamba (shapeshifter) (D:12)
  2 vault sentinels (Vaults:1)
  2 black mambas
  7 demonic crawlers
  7 cane toads
  2 torpor snails
  2 unseen horrors
  6 rime drakes
  A minotaur zombie (Gauntlet)
  A rime drake (shapeshifter) (D:15)
  A yaktaur (shapeshifter) (D:12)
  A tengu conjurer (D:15)
  2 efreet
  A freezing wraith (D:15)
  10 komodo dragons
  2 yaktaurs (D:12)
  12 merfolk
  A queen bee (Lair:4)
  12 trolls
  2 hornets
  23 tarantellas
  A queen bee (shapeshifter) (D:13)
  6 wind drakes
  6 polar bears
  7 blink frogs
  15 meliai
  10 dream sheep
  A snapping turtle (Shoals:3)
  A culicivora (shapeshifter) (D:14)
  15 jumping spiders
  3 centaur simulacra
  2 vampires
  14 slime creatures
  4 water elementals
  9 wraiths
  10 culicivoras
  3 shadows
  A human (shapeshifter) (D:14)
  A yak (shapeshifter) (D:15)
  50 yaks
  3 hogs (Shoals:2)
  6 fire bats (Gauntlet)
  Eustachio (D:6)
  A steam dragon (Lair:2)
  3 basilisks
  A steam dragon (shapeshifter) (D:14)
  Edmund (D:4)
  44 redbacks
  2 vampire mosquitoes (D:14)
  2 acid dragons
  8 water moccasins
  3 hell hounds (Gauntlet)
  A sky beast (D:7)
  4 ice beasts
  18 orc warriors
  A meliai simulacrum (D:10)
  22 wolves
  17 ogres
  7 centaurs
  A phantom (D:7)
  9 bullfrogs
  2 kobold brigands
  A gnoll sergeant (D:6)
  4 water moccasin zombies (Ossuary)
  A necrophage (D:6)
  4 scorpions
  3 wights (D:10)
  28 killer bees
  11 howler monkeys
  3 electric eels
  3 hounds
  14 orc priests
  A jelly (D:6)
  A gnoll bouda (D:11)
  Natasha (twice) (D:2)
  An iguana (D:4)
  14 orc wizards
  2 mummies (Ossuary)
  Robin (D:3)
  5 adders
  14 gnolls
  2 shadow imps
  3 white imps
  5 ufetubi
  2 adder zombies (Ossuary)
  2 worms (D:3)
  2 dart slugs
  64 orcs
  6 endoplasms
  2 giant cockroaches
  5 gnoll zombies (Ossuary)
  17 goblins
  12 hobgoblins
  2 jackals (D:2)
  22 kobolds
  4 quokkas
  3 ball pythons
  9 bats
  A frilled lizard (D:3)
  2 hobgoblin zombies (Ossuary)
  5 kobold zombies (Ossuary)
  2 orc zombies (Ossuary)
  7 rats
  2 tentacles (Shoals:1)
938 creatures vanquished.

Vanquished Creatures (collateral kills)
  Donald (Spider:1)
  A very ugly thing (Vaults:1)
  A broodmother (Spider:4)
  2 dire elephants (Vaults:1)
  Snorg (Lair:5)
  An entropy weaver (Vaults:1)
  A merfolk javelineer (Shoals:3)
  2 merfolk impalers (Shoals:3)
  2 yaktaur captains (Vaults:1)
  A vault guard (D:14)
  A merfolk avatar (Shoals:3)
  2 ogre magi (Orc:2)
  A hydra (Lair:2)
  A two-headed ogre (Orc:2)
  An orb spider (Spider:4)
  A sea snake (Shoals:3)
  A deep troll (Vaults:1)
  3 harpies (Shoals:3)
  2 ironbound convokers (Vaults:1)
  2 fauns (Shoals:3)
  An ugly thing (Vaults:1)
  A cyclops (Orc:2)
  3 manticores
  4 elephants
  2 merfolk sirens (Shoals:3)
  A vault sentinel (Vaults:1)
  A torpor snail (Lair:5)
  2 cane toads
  A yaktaur (shapeshifter) (D:14)
  A komodo dragon (Lair:5)
  4 trolls (Orc:2)
  9 merfolk (Shoals:3)
  A meliai (Lair:4)
  2 snapping turtles
  2 blink frogs (Lair:5)
  2 dream sheep
  2 slime creatures
  A redback (Spider:1)
  11 yaks
  A warg (Orc:1)
  An orc warrior (Orc:2)
  5 wolves
  8 ogres (Orc:2)
  2 centaurs (Shoals:3)
  A bullfrog (Lair:2)
  12 killer bees (Lair:4)
  2 electric eels
  An orc priest (Orc:2)
  4 orc wizards
  12 orcs
  3 goblins (D:3)
  A hobgoblin (Bailey)
  A jackal (D:2)
133 creatures vanquished.

Vanquished Creatures (others)
  A very ugly thing zombie (Vaults:1)
  A broodmother zombie (Spider:4)
  4 ugly thing zombies
  A wolf spider zombie (Spider:4)
  A hell hog zombie (Gauntlet)
  A centaur zombie (D:14)
  An orb spider zombie (Spider:4)
  2 redback zombies (Spider:4)
  A hydra zombie (Lair:5)
  6 human zombies
  A jumping spider zombie (Spider:4)
  2 meliai zombies
  5 slime creature zombies
  4 deep troll zombies (Vaults:1)
  A fire bat zombie (Gauntlet)
  An elf zombie (D:12)
  A lindwurm zombie (Lair:3)
  4 blink frog zombies
  A manticore zombie (D:14)
  2 elephant zombies (Lair:2)
  A rime drake zombie (Lair:2)
  A komodo dragon zombie (Lair:5)
  A yaktaur zombie (D:12)
  3 hell hound zombies (Gauntlet)
  A water moccasin zombie (Lair:5)
  A polar bear zombie (Lair:5)
  A killer bee (D:9)
  3 yak zombies
  5 wolf zombies
  7 killer bee zombies (Lair:4)
  4 orc zombies
  A hobgoblin zombie (Bailey)
  A kobold zombie (Bailey)
  38 fungi
  169 plants
  9 tentacles (Shoals:1)
  6 withered plants (Shoals:1)
293 creatures vanquished.

Grand Total: 1364 creatures vanquished

Notes
Turn   | Place    | Note
-------+----------+-------------------------------------------
     0 | D:1      | BubbleThief the Demonspawn Necromancer began the quest for
                  | the Orb.
     0 | D:1      | Reached XP level 1. HP: 13/13 MP: 3/3
   217 | D:1      | Gained mutation: Spells you cast may paralyse adjacent
                  | enemies. [demonic ancestry]
   217 | D:1      | Reached XP level 2. HP: 8/19 MP: 1/5
   498 | D:1      | Reached skill level 5 in Necromancy
   801 | D:2      | Noticed Natasha
   810 | D:2      | Killed Natasha
   811 | D:2      | Gained mutation: You are partially covered in rugged brown
                  | scales. (AC +1, +3% HP) [demonic ancestry]
   811 | D:2      | Reached XP level 3. HP: 14/24 MP: 2/6
  1157 | D:2      | Noticed Natasha
  1161 | D:2      | Killed Natasha
  1162 | D:2      | Gained mutation: Spells you cast may paralyse nearby
                  | enemies. [demonic ancestry]
  1162 | D:2      | Reached XP level 4. HP: 30/30 MP: 4/8
  1495 | D:3      | Found a faded altar of an unknown god.
  1834 | D:3      | Gained mutation: You are mostly covered in rugged brown
                  | scales. (AC +2, +5% HP) [demonic ancestry]
  1834 | D:3      | Reached XP level 5. HP: 16/36 MP: 0/9
  2165 | D:3      | Noticed an ogre
  2172 | D:3      | Killed an ogre
  2285 | D:3      | Noticed Robin
  2291 | D:3      | Killed Robin
  2292 | D:3      | Gained mutation: You regenerate magic rapidly. [demonic
                  | ancestry]
  2292 | D:3      | Reached XP level 6. HP: 44/44 MP: 4/11
  2302 | D:3      | Found a blossoming altar of Fedhas.
  2543 | D:3      | Learned a level 3 spell: Vampiric Draining
  2548 | D:3      | Learned a level 4 spell: Animate Dead
  2580 | D:4      | Reached skill level 1 in Fighting
  2580 | D:4      | Reached skill level 1 in Short Blades
  2680 | D:4      | Found a shimmering altar of Xom.
  2800 | D:4      | Reached XP level 7. HP: 53/53 MP: 7/12
  2896 | D:4      | Found a hide-covered altar of Uskayaw.
  3039 | D:4      | Noticed Edmund
  3050 | D:4      | Killed Edmund
  3208 | D:5      | Entered Level 5 of the Dungeon
  3593 | D:5      | Found a staircase to the Ecumenical Temple.
  3748 | Temple   | Entered the Ecumenical Temple
  3807 | Temple   | Became a worshipper of Kikubaaqudgha
  3866 | D:6      | Reached XP level 8. HP: 58/64 MP: 11/13
  3903 | D:6      | Reached skill level 5 in Fighting
  3920 | D:6      | Reached skill level 5 in Short Blades
  4216 | D:6      | Found a shadowy altar of Dithmenos.
  4262 | D:6      | Reached * piety under Kikubaaqudgha
  4262 | D:6      | Received a gift from Kikubaaqudgha
  4467 | D:6      | Found Nameum's Magic Scroll Shoppe.
  4484 | D:6      | Bought a scroll of blinking for 82 gold pieces
  4484 | D:6      | Bought a scroll of teleportation for 33 gold pieces
  4484 | D:6      | Bought a scroll of magic mapping for 82 gold pieces
  4484 | D:6      | Bought a scroll of teleportation for 33 gold pieces
  4522 | D:6      | Reached XP level 9. HP: 72/75 MP: 14/14
  4583 | D:6      | Noticed Eustachio
  4589 | D:6      | Killed Eustachio
  4873 | D:7      | Found a sparkling altar of Nemelex Xobeh.
  4945 | D:7      | Found a sacrificial altar of Ru.
  5180 | D:7      | Found a radiant altar of Vehumet.
  5410 | D:8      | Found a sand-covered staircase.
  5415 | Ossuary  | Entered an ossuary
  5564 | Ossuary  | Reached ** piety under Kikubaaqudgha
  5854 | D:8      | Found an opulent altar of Gozag.
  5858 | D:8      | Noticed a two-headed ogre
  5866 | D:8      | Killed a two-headed ogre
  5921 | D:8      | Found a flagged portal.
  5942 | Bailey   | Entered a bailey
  5951 | Bailey   | Noticed an orc warlord
  6082 | Bailey   | Found a runed translucent gate.
  6082 | Bailey   | Found a runed translucent gate.
  6082 | Bailey   | Found a runed translucent gate.
  6103 | Bailey   | Reached *** piety under Kikubaaqudgha
  6103 | Bailey   | Received a gift from Kikubaaqudgha
  6104 | Bailey   | Reached XP level 10. HP: 61/86 MP: 4/15
  6110 | Bailey   | Learned a level 5 spell: Borgnjor's Vile Clutch
  6135 | Bailey   | Killed an orc warlord
  6136 | Bailey   | Reached skill level 5 in Dodging
  6441 | D:8      | Noticed Erica
  6452 | D:8      | Killed Erica
  6885 | D:8      | Noticed Maurice
  6902 | D:8      | Killed Maurice
  7669 | D:9      | Reached skill level 10 in Fighting
  7694 | D:8      | Gained mutation: Your touch may inflict minor irresistible
                  | damage on your foes. [demonic ancestry]
  7694 | D:8      | Reached XP level 11. HP: 21/94 MP: 0/16
  7943 | D:9      | Found an iron altar of Okawaru.
  8307 | D:9      | Reached **** piety under Kikubaaqudgha
  8347 | D:9      | Identified the +2 leather armour of Hopscotch {rC++}
  8397 | D:10     | Entered Level 10 of the Dungeon
  8780 | D:10     | Found a staircase to the Orcish Mines.
  8996 | D:10     | Found a staircase to the Lair.
  9541 | D:10     | Noticed a two-headed ogre
  9547 | D:10     | Killed a two-headed ogre
  9548 | D:10     | Reached skill level 10 in Short Blades
  9622 | D:10     | Noticed a boulder beetle
  9636 | D:10     | Noticed a two-headed ogre
  9642 | D:10     | Noticed a seven-headed hydra
  9661 | D:10     | Killed a seven-headed hydra
  9667 | D:10     | Killed a boulder beetle
  9669 | D:10     | Killed a two-headed ogre
  9672 | D:10     | Noticed an ogre mage
  9688 | D:10     | Killed an ogre mage
  9856 | Lair:1   | Entered Level 1 of the Lair of Beasts
 10148 | Lair:1   | Gained mutation: Spells you cast and wands you use may
                  | paralyse nearby enemies. [demonic ancestry]
 10148 | Lair:1   | Reached XP level 12. HP: 105/105 MP: 14/19
 10176 | Lair:1   | You fall into a shaft and drop 1 floor!
 10211 | Lair:2   | Reached skill level 5 in Spellcasting
 10251 | Lair:2   | Reached ***** piety under Kikubaaqudgha
 10391 | Lair:2   | Found a hole to the Spider Nest.
 11411 | Lair:2   | Noticed a six-headed hydra
 11427 | Lair:2   | Killed a six-headed hydra
 12028 | Lair:3   | Found a broken altar of Ashenzari.
 12038 | Lair:3   | Acquired 1004 gold pieces
 12041 | Lair:3   | Acquired the +0 pair of boots of Tenacity {rN+}
 12145 | Lair:3   | Found a staircase to the Shoals.
 12165 | Lair:3   | Noticed Sonja
 12175 | Lair:3   | Killed Sonja
 12261 | Lair:3   | Gained mutation: Your touch may inflict irresistible damage
                  | on your foes. [demonic ancestry]
 12261 | Lair:3   | Reached XP level 13. HP: 89/114 MP: 15/23
 12784 | Lair:4   | Reached skill level 10 in Necromancy
 12790 | Lair:4   | Reached skill level 10 in Dodging
 12887 | Lair:4   | Found a gate leading to a gauntlet.
 12900 | Gauntlet | Entered a Gauntlet
 12900 | Gauntlet | Found a runed translucent door.
 12900 | Gauntlet | Found a transporter.
 12900 | Gauntlet | Found a runed translucent door.
 12900 | Gauntlet | Found a transporter.
 12956 | Gauntlet | Found a transporter.
 12974 | Gauntlet | Found a transporter.
 12974 | Gauntlet | Found a transporter.
 12974 | Gauntlet | Found a transporter.
 12976 | Gauntlet | Found a transporter.
 12976 | Gauntlet | Found a transporter.
 12989 | Gauntlet | Found a transporter.
 13005 | Gauntlet | Found a transporter.
 13015 | Gauntlet | Found a transporter.
 13032 | Gauntlet | Found a transporter.
 13049 | Gauntlet | Found a transporter.
 13060 | Gauntlet | Found a transporter.
 13221 | Gauntlet | Identified the +4 chain mail "Vyzan" {-Tele Str+3 Int+3
                  | Dex+3}
 13223 | Gauntlet | Identified the ring of Jyuss {rF+ Int+2 Slay+4}
 13290 | Gauntlet | Identified the +2 hat of Ockoy {Regen+ Int+3 Dex+4}
 13437 | Gauntlet | Noticed a minotaur
 13449 | Gauntlet | Identified the +3 mace of the Supporting Gods {spect, *Rage
                  | rPois Dex+3}
 13453 | Gauntlet | HP: 5/114 [minotaur/+3 long sword of electrocution (8)]
 13468 | Gauntlet | Killed a minotaur
 14004 | Lair:4   | Reached ****** piety under Kikubaaqudgha
 14380 | Lair:5   | Entered Level 5 of the Lair of Beasts
 14478 | Lair:5   | Identified the +1 plate armour "Vewuolut" {rN++ Regen+
                  | rCorr Str-4}
 14551 | Lair:5   | Found a staircase to the Slime Pits.
 14742 | Lair:5   | Reached XP level 14. HP: 115/121 MP: 22/27
 14795 | Lair:5   | Paralysed by a hornet for 1 turns
 15137 | Lair:5   | Noticed Snorg
 15155 | Lair:5   | Killed Snorg
 16304 | D:11     | Identified the ring of Raulom {rElec rC- Will+ Str+6 Int+2}
 16440 | D:11     | You fall into a shaft and drop 3 floors!
 16786 | D:14     | Found a gate to the Vaults.
 17292 | D:14     | Noticed Josephine
 17294 | D:14     | Killed Josephine
 17581 | D:13     | Noticed Erolcha
 17592 | D:13     | Learned a level 6 spell: Death Channel
 17607 | D:13     | Killed Erolcha
 17651 | D:13     | Received a gift from Kikubaaqudgha
 17909 | D:13     | Identified the +10 sling of the Howling Gods {drain, Will+}
 18136 | D:13     | Noticed Frances
 18153 | D:13     | Killed Frances
 18154 | D:13     | Reached XP level 15. HP: 59/132 MP: 3/28
 18655 | D:12     | Paralysed by something for 2 turns
 19253 | D:12     | Found a radiant altar of Vehumet.
 19586 | D:11     | Upgraded the game from 0.30-a0-778-g2ef04afb54 to
                  | 0.30-a0-779-g7971cf19c3
 19970 | D:11     | Identified the +4 demon blade "Finil" {pain, rElec rPois}
 20248 | Orc:1    | Entered Level 1 of the Orcish Mines
 20327 | Orc:1    | Found Yxuong's Armour Emporium.
 20431 | Orc:1    | Found Fawaawaq's Armour Emporium.
 20592 | Orc:2    | Entered Level 2 of the Orcish Mines
 20592 | Orc:2    | Found Axerutih's Assorted Antiques.
 20628 | Orc:1    | Reached skill level 15 in Fighting
 20628 | Orc:1    | Reached XP level 16. HP: 142/142 MP: 29/29
 20639 | Orc:2    | Reached skill level 15 in Necromancy
 20703 | Orc:2    | Found Toewkub's Book Emporium.
 20824 | Orc:2    | Bought a scroll of blinking for 165 gold pieces
 20824 | Orc:2    | Bought a potion of curing for 66 gold pieces
 20826 | Orc:2    | Found Plog's Antique Weapon Boutique.
 20827 | Orc:2    | Found Siuvayrgh's Antique Weapon Boutique.
 20839 | Orc:2    | Found Uplituw's Antique Weapon Shoppe.
 20844 | Orc:2    | Bought a runed dagger for 180 gold pieces
 20853 | Orc:2    | Bought a brightly glowing long sword for 238 gold pieces
 20853 | Orc:2    | Identified the +12 long sword "Iduoll" {heavy, +Blink rF+
                  | Str+3} (You bought it in a shop on level 2 of the Orcish
                  | Mines)
 20998 | Orc:2    | Found a staircase to the Elven Halls.
 21380 | Orc:1    | Found Lad Dusit's Antique Weapon Boutique.
 21699 | D:15     | Entered Level 15 of the Dungeon
 22710 | D:15     | Found a staircase to the Depths.
 22973 | Spider:1 | Entered Level 1 of the Spider Nest
 23054 | Spider:1 | Gained mutation: Your touch may irresistibly damage your
                  | foes and sap their willpower. [demonic ancestry]
 23054 | Spider:1 | Reached XP level 17. HP: 57/150 MP: 20/30
 23327 | Spider:1 | Identified the ring of Famebous {*Slow rF+ rCorr EV+5
                  | Dex+3}
 23451 | Spider:1 | Noticed Donald
 23464 | Spider:1 | Killed Donald
 24023 | Spider:2 | You fall into a shaft and drop 1 floor!
 24275 | Spider:2 | Reached skill level 15 in Dodging
 24545 | Spider:2 | Identified the +9 plate armour of Hedging {-Cast *Slow
                  | Dex+9 SInv}
 25727 | Spider:3 | Noticed Asterion
 25743 | Spider:3 | Killed Asterion
 26320 | Spider:4 | Entered Level 4 of the Spider Nest
 26533 | Spider:4 | Reached skill level 5 in Stealth
 26616 | Spider:4 | Noticed Nikola
 26629 | Spider:4 | Killed Nikola
 27014 | Spider:4 | Got a gossamer rune of Zot
 27432 | Shoals:1 | Entered Level 1 of the Shoals
 27716 | Shoals:3 | Reached XP level 18. HP: 160/160 MP: 25/31
 27728 | Shoals:2 | HP: 3/160 [poisoned by a merfolk impaler]
 28054 | Shoals:2 | Noticed Kirke
 28071 | Shoals:2 | Killed Kirke
 28413 | Shoals:2 | Identified the +7 chain mail of Adytas {rC+}
 28719 | Shoals:3 | Found Libb's Antique Armour Shoppe.
 29596 | Vaults:1 | Entered Level 1 of the Vaults
 29613 | Vaults:1 | Reached skill level 15 in Short Blades
 30087 | Vaults:1 | Identified the +8 spear of Meipic {elec, rN+ Will+}
 30195 | Vaults:1 | Found Miash's Weapon Boutique.
 30307 | Vaults:1 | Shot with an arrow by a centaur warrior

Illustrated notes

Levels and vault maps discovered:
D:1:      shiori_arrival_oz, layout_rooms
D:2:      layout_basic, minmay_misc_feat_doors, uniq_natasha
D:3:      layout_basic, mainiacjoe_overflow_alcove_2,
          nicolae_ecumenical_oubliette, uniq_robin
D:4:      layout_cave_pools, xom_confusion_cloud,
          mainiacjoe_overflow_small_starburst, uniq_edmund
D:5:      layout_cave_pools, minmay_temple_entry_enclosed_plants
D:6:      layout_rooms, grunt_dithmenos_smoke, kennysheep_small_square,
          uniq_eustachio
D:7:      layout_rooms, nemelex_dance_club_becter, mainiacjoe_overflow_catwalk,
          mainiacjoe_overflow_chevrons
D:8:      layout_basic, old_standard_altar, elyvilon_altar_1, enter_bailey_5,
          enter_ossuary_2, minmay_tree_intersection, uniq_erica, uniq_maurice
D:9:      layout_big_octagon, demons_altar, overflow_temple_1_default,
          serial_bayou, serial_bayou_pond_a, serial_bayou_pond_d,
          serial_bayou_ford_a, serial_bayou_lagoon_b, hive_lemuel
D:10:     minmay_chambers_of_sixes, layout_loops_corners, lair_entry_dummy,
          serial_ice, serial_ice_d, serial_ice_b, serial_ice_l, serial_ice_n
D:11:     layout_stronghold, dreamdust_gnoll_shepherd
D:12:     minmay_dotted_concentric_squares, layout_basic, fiery_altar_vehumet
D:13:     layout_loops_ring, dreamdust_princess_corridor, uniq_frances,
          uniq_erolcha
D:14:     layout_loops_ring, lightli_vaults_fourway_checkpoint, uniq_josephine
D:15:     grunt_enter_depths_hoard, layout_cave_pods,
          chequers_serial_rivers_small_3, kb_tengu_band
Temple:   grunt_temple_mini_profane
Lair:1:   layout_chaotic_city
Lair:2:   layout_layer_cave, dummy_spider_entry, minivault_23,
          grunt_megastairs_1, infiniplex_staircase_pool_2, serial_bayou_shore_a
Lair:3:   layout_loops_ring, minmay_shoals_entry_beasts, basic_altar, uniq_sonja
Lair:4:   layout_roguey [special_room_bee], gauntlet_entry_generic,
          serial_bayou_shore_b, grunt_megastairs_2, serial_bayou_shore_b,
          lemuel_fruit_tree
Lair:5:   gammafunk_lair_ancient_temple, layout_gridlike,
          minmay_slime_entry_oklob_enclosed, uniq_snorg
Shoals:1: layout_shoals, nicolae_shoals_spectral_cove
Shoals:2: layout_shoals, nicolae_shoals_lost_giant_amphitheater,
          nicolae_shoals_shepherds, uniq_kirke
Shoals:3: layout_shoals, serial_shops,
          nicolae_shop_temple_entry_statues_fountains,
          nicolae_shoals_lost_giant_temple, lemuel_centaur_altar
Spider:1: layout_spider_delve, nicolae_spider_checkerboard, uniq_donald
Spider:2: layout_cave_pods
Spider:3: layout_chambers, uniq_asterion
Spider:4: hellmonk_spider_rune_endless_swarm, uniq_nikola
Orc:1:    layout_diamond_mine, serial_shops, shop, shop, shop
Orc:2:    st_orc_open, layout_caves, serial_shops, shop
Vaults:1: v_misc_29, v_misc_3, v_misc_9, vaults_room_door_ring,
          dpeg_vaults_monster_row, nicolae_vaults_ring_of_whatevers, st_lines,
          ontoclasm_vaults_gateway, ontoclasm_vaults_ring_small,
          layout_vaults_big_room, serial_shops, nicolae_shop_waterfront

Skill      XL: |  1  2  3  4  5  6  7  8  9 10 11 12 13 14 15 16 17 18 |
---------------+-------------------------------------------------------+-----
Necromancy     | 5 6 7 9 11 13 14 16 17 | 17.5
Spellcasting   | 3 4 6 9 |  9.0
Fighting       | 2 4 7 8 10 11 12 14 15 16 17 | 17.1
Short Blades   | 2 4 6 7 9 10 12 15 | 15.1
Dodging        | 4 6 8 9 11 12 13 14 15 | 15.0
Stealth        | 5 6 |  6.7

Action                     |  1- 3 |  4- 6 |  7- 9 | 10-12 | 13-15 | 16-18 || total
---------------------------+-------+-------+-------+-------+-------+-------++-------
  Melee: Whip              |     8 |       |       |       |       |       ||     8
         Dagger            |     7 |    24 |   379 |   545 |   836 |   456 ||  2247
         Punch             |       |       |     4 |    13 |    16 |    10 ||    43
         Touch             |       |       |       |    76 |   250 |   171 ||   497
         Demon blade       |       |       |       |       |    23 |       ||    23
         Long sword        |       |       |       |       |       |    27 ||    27
         Rapier            |       |       |       |       |       |   291 ||   291
   Cast: Necrotise         |    50 |    95 |    67 |    21 |     3 |    10 ||   246
         Vampiric Draining |       |     3 |    29 |    87 |    57 |    31 ||   207
         Animate Dead      |       |       |     3 |     6 |     9 |     5 ||    23
         Borgnjor's Vile C |       |       |       |       |    39 |   204 ||   243
         Death Channel     |       |       |       |       |     2 |     9 ||    11
 Invoke: Receive Forbidden |       |       |       |       |     1 |       ||     1
  Evoke: Wand              |       |       |       |     8 |     1 |     4 ||    13
         Phantom mirror    |       |       |       |       |       |     1 ||     1
    Use: Scroll            |       |       |     1 |    18 |    11 |    11 ||    41
         Potion            |       |       |       |       |     6 |     6 ||    12
   Stab: Sleeping          |     1 |     1 |     9 |     5 |     9 |     8 ||    33
         Paralysed         |       |    13 |    33 |    58 |    52 |   161 ||   317
         Distracted        |       |       |     1 |     3 |    10 |     8 ||    22
         Invisible         |       |       |       |       |       |     3 ||     3
 Armour: Robe              |     5 |     6 |    75 |    22 |       |       ||   108
         Leather armour    |       |       |       |    85 |   147 |   149 ||   381
  Dodge: Dodged            |    15 |    18 |   200 |   346 |   643 |   895 ||  2117

Table legend: (Time is in decaauts)
 A = Elapsed time spent in this place.
 B = Non-inter-level travel time spent in this place.
 C = Inter-level travel time spent in this place.
 D = Time resting spent in this place.
 E = Time spent auto-exploring this place.
 F = Levels seen in this place.
 G = Mean time per level.
                   A        B        C        D        E       F      G
               +--------+--------+--------+--------+--------+-----+--------+
         Total |  29378 |  27631 |   1747 |   2025 |  19438 |  34 |  864.1 |
       Dungeon |  14176 |  13154 |   1022 |    683 |   9843 |  15 |  945.1 |
        Temple |     87 |     72 |     15 |      0 |     54 |   1 |   87.0 |
          Lair |   5638 |   5324 |    314 |     23 |   4290 |   5 | 1127.6 |
        Shoals |   2030 |   1940 |     90 |    549 |    924 |   3 |  676.7 |
   Spider Nest |   4261 |   4061 |    200 |    293 |   2864 |   4 | 1065.2 |
  Orcish Mines |   1156 |   1053 |    103 |      0 |    846 |   2 |  578.0 |
        Vaults |    661 |    661 |      0 |     45 |    364 |   1 |  661.0 |
       Ossuary |    371 |    371 |      0 |    179 |      0 |   1 |  371.0 |
        Bailey |    342 |    342 |      0 |      2 |    139 |   1 |  342.0 |
      Gauntlet |    651 |    651 |      0 |    251 |    112 |   1 |  651.0 |
               +--------+--------+--------+--------+--------+-----+--------+

Top non-repeatable levels by time:
  Lair:2: 1871 daAuts
     D:8: 1738 daAuts
Shoals:2: 1629 daAuts
    D:10: 1562 daAuts
Spider:3: 1497 daAuts
    D:12: 1220 daAuts
    D:14: 1173 daAuts
  Lair:5: 1072 daAuts
Spider:2: 1070 daAuts
    D:15: 1064 daAuts
     D:3: 1030 daAuts
  Lair:1: 1018 daAuts
Spider:4: 901 daAuts
     D:6: 895 daAuts
    D:13: 894 daAuts
